 Dungeon Crawl Stone Soup version 0.28.0-43-g3370ac3207 (webtiles) character file.

Game seed: 8102860839851587052

67 issech the Cudgeller (level 3, -2/36 HPs)
             Began as a Troll Monk on Mar 23, 2022.
             Slain by an ogre
             ... wielding a +0 giant club
              (14 damage)
             ... on level 3 of the Dungeon.
             The game lasted 00:07:42 (1960 turns).

issech the Cudgeller (Troll Monk)                   Turns: 1960, Time: 00:07:42

Health: -2/36      AC:  5    Str: 19    XL:     3   Next: 98%
Magic:  2/2        EV: 10    Int:  6    God:
Gold:   132        SH:  0    Dex: 14    Spells: 2/2 levels left

rFire   . . .      SeeInvis .   a - +0 mace
rCold   . . .      Faith    .   (no shield)
rNeg    . . .      Spirit   .   q - +1 robe {Will+}
rPois   .          Reflect  .   (helmet restricted)
rElec   .          Harm     .   (no cloak)
rCorr   .          Rampage  .   (gloves unavailable)
Will    +....                   (boots unavailable)
Stlth   ++........              (no amulet)
HPRegen 0.92/turn               (no ring)
MPRegen 0.08/turn               (no ring)

@: no status effects
A: large, unfitting armour, claws 3, regeneration 1, shaggy fur 1, tough skin 1
a: no special abilities


You were on level 3 of the Dungeon.
You visited 1 branch of the dungeon, and saw 3 of its levels.

You collected 132 gold pieces.

Inventory:

Hand Weapons
 a - a +0 mace (weapon)
Missiles
 d - 57 stones (quivered)
 e - 54 bolts
 h - 2 javelins
 j - 17 sling bullets
Armour
 b - a +0 robe
 q - a +1 robe of willpower (worn)
Magical Staves
 k - a staff of conjuration
Scrolls
 c - a scroll of enchant weapon {unknown}
 g - a scroll of acquirement {unknown}
 l - a scroll of identify {unknown}
 m - a scroll of teleportation {unknown}
 n - a scroll of silence {unknown}
 o - a scroll of holy word {unknown}
Potions
 f - a potion of haste {unknown}
 i - a potion of flight {unknown}
 p - a potion of degeneration {unknown}


   Skills:
 + Level 2.7 Fighting
 + Level 3.4 Maces & Flails
 + Level 3.1 Dodging
 + Level 1.2 Stealth


You had 2 spell levels left.
You didn't know any spells.
Your spell library was empty.

Dungeon Overview and Level Annotations

Branches:
Dungeon (3/15)

Altars:

Shops:
D:1 (


Innate Abilities, Weirdness & Mutations

You are too large for most types of armour.
You have claws for hands.
Your natural rate of healing is unusually fast.
You are covered in fur. (AC +1)
You have tough skin. (AC +1)


Message History

The adder poisons you!
You sock the adder!
The adder is severely wounded.
You feel sick. The adder closely misses you. The adder completely misses you.
You closely miss the adder.
The adder is severely wounded.
You feel sick. The adder bites you but does no damage.
You thump the adder!
You kill the adder!
You feel sick.
You are no longer poisoned.
There is an open door here.
Things that are here:
a +0 club; a frilled lizard corpse
There is a stone staircase leading up here.
There is an escape hatch in the ceiling here.
There is a stone staircase leading up here.
Found a stone staircase leading down.
Done exploring.
There is a shaft here.
There is a stone staircase leading down here.
You climb downwards.
Found a dagger and a cloak.
Found a stone staircase leading down.
There is a stone staircase leading up here.
You see here a +0 dagger.
The ogre shouts!
You barely miss the ogre. The ogre hits you with a +0 giant club!
You hit the ogre.
The ogre is lightly wounded.
The ogre closely misses you.
You barely miss the ogre.
The ogre is lightly wounded.
The ogre barely misses you.
You closely miss the ogre.
The ogre is lightly wounded.
The ogre hits you with a +0 giant club!
You hit the ogre.
The ogre is lightly wounded.
The ogre hits you with a +0 giant club!
You die...

########
##......##
#.O@.)<..#
..............#
.###..........#
#..........#
#....>.....#
#..........#
##........##
...[......


You could see an ogre.

Vanquished Creatures
  An adder (D:2)
  2 worms (D:2)
  4 endoplasms
  4 giant cockroaches (D:1)
  4 goblins
  4 hobgoblins
  8 jackals (D:1)
  4 kobolds
  2 quokkas
  2 ball pythons (D:1)
  5 bats
  2 frilled lizards
  3 rats
45 creatures vanquished.

Notes
Turn   | Place    | Note
-------+----------+-------------------------------------------
     0 | D:1      | issech the Troll Monk began the quest for the Orb.
     0 | D:1      | Reached XP level 1. HP: 22/22 MP: 0/0
    58 | D:1      | Reached XP level 2. HP: 29/29 MP: 1/1
   619 | D:1      | Found Xaolasacs's Weapon Shoppe.
   761 | D:1      | Reached XP level 3. HP: 36/36 MP: 2/2
  1217 | D:2      | Noticed a great orb of eyes
  1219 | D:2      | Found a faded altar of an unknown god.
  1221 | D:2      | Noticed a shining eye
  1227 | D:2      | Noticed a shining eye
  1231 | D:2      | Noticed a shining eye
  1952 | D:3      | Noticed an ogre
  1960 | D:3      | Slain by an ogre

Illustrated notes

Levels and vault maps discovered:
D:1:      saegor_arrival_fortress, layout_loops_ring, serial_shops, shop,
          corexii_corridor_pit
D:2:      layout_loops_ring, hellmonk_ecumenical_altar_watching_god, nrook_uturn
D:3:      layout_rooms, uniq_grinder, uniq_jessica

Skill      XL: |  1  2  3 |
---------------+----------+-----
Maces & Flails | 3 |  3.4
Dodging        | 3 |  3.1
Fighting       | |  2.7
Stealth        | |  1.2

Action                   || total
-------------------------++-------
Melee: Mace              ||   138
 Stab: Sleeping          ||     1
Armor: Robe              ||    53
Dodge: Dodged            ||    84
